[Event "Titled Tuesday Blitz October 25 Early 2022"]
[White "Caruana, Fabiano"]
[Black "Molina, Roberto Junio Brito"]
[WhiteFideId "2020009"]
[BlackFideId "2109450"]
[WhiteElo "2847"]
[BlackElo "2388"]
[Result "1-0"]
[Round "06"]
[TimeControl "180+1"]
[Date "2022.10.25"]
[WhiteClock "0:00:53"]
[BlackClock "0:00:15"]

1. c4 c6 2. d4 d5 3. Nf3 Nf6 4. g3 dxc4 5. Bg2 b5 6. O-O Bb7 7. b3 cxb3 8. axb3 e6 9. Nc3 Nbd7 10. Bb2 Bb4 11. Qc2 O-O 12. Rfd1 Qe7 13. e4 Rfc8 14. Qe2 a6 15. e5 Nd5 16. Ne4 h6 17. h4 Rc7 18. Ne1 Qf8 19. Nd3 Be7 20. Rac1 a5 21. Ndc5 Nxc5 22. dxc5 a4 23. Nd6 axb3 24. Qd3 Bc8 25. Qxb3 Bd7 26. Be4 Rca7 27. Bb1 g6 28. Rd3 Ra4 29. Rf3 Be8 30. Qc2 Qg7 31. Rd1 Rb4 32. Qe2 Rg4 33. Rxf7 Rxg3+ 34. fxg3 Bxf7 35. Rf1 Be8 36. Qg4 Nc7 37. Rf6 Ra4 38. Qf3 Bxf6 39. exf6 Qd7 40. f7+ Bxf7 41. Qf6 Kf8 42. Qg7+ Ke7 43. Bf6# 1-0


[Site "https://www.chess.com"]

[Event "Titled Tuesday Blitz October 25 Early 2022"]
[White "Firouzja, Alireza"]
[Black "Dubov, Daniil"]
[WhiteFideId "12573981"]
[BlackFideId "24126055"]
[WhiteElo "2903"]
[BlackElo "2791"]
[Result "0-1"]
[Round "06"]
[TimeControl "180+1"]
[Date "2022.10.25"]
[WhiteClock "0:00:06"]
[BlackClock "0:00:08"]

1. d4 d5 2. Bg5 Nf6 3. e3 Ne4 4. Bf4 Bf5 5. f3 Nd6 6. Nc3 e6 7. g4 Bg6 8. Qd2 Nd7 9. h4 h6 10. Bg3 Be7 11. O-O-O c6 12. Nh3 Nb6 13. Qe1 Nbc4 14. e4 Qa5 15. Bxd6 Nxd6 16. Nf4 Bh7 17. Bd3 dxe4 18. fxe4 e5 19. dxe5 Qxe5 20. Qf2 O-O-O 21. Kb1 Kb8 22. Rhe1 Rhe8 23. a3 Bf8 24. Nh3 Rd7 25. g5 Red8 26. Rc1 Nc8 27. Qf4 Bd6 28. Qxe5 Bxe5 29. Rg1 Nd6 30. Rce1 Re7 31. gxh6 gxh6 32. Nf2 Rde8 33. Ng4 Bd4 34. Rgf1 Re6 35. Ne2 Be5 36. Nxe5 Rxe5 37. Nc3 f5 38. Rd1 fxe4 39. Be2 Kc7 40. Rf4 Rf5 41. Rg4 Rg8 42. Rxg8 Bxg8 43. Rg1 Bf7 44. Kc1 Kd8 45. Kd2 Rf4 46. h5 Nf5 47. Nd1 Ke7 48. Ne3 Nxe3 49. Kxe3 Rh4 50. Rg7 Kf6 51. Rh7 b6 52. Rxh6+ Ke5 53. Rxc6 Rh3+ 54. Kd2 e3+ 55. Kc3 Bxh5 56. Bc4 e2+ 57. Kd2 Rh1 58. Bxe2 Rh2 59. Rc7 Rxe2+ 60. Kc3 Re3+ 61. Kd2 Re2+ 62. Kc3 Rh2 63. Rxa7 Bg6 64. Re7+ Kd6 65. Rg7 Rxc2+ 66. Kb3 Rg2 67. Kc3 Kc6 68. b3 Rg3+ 69. Kb2 Rg2+ 70. Kc3 Be4 71. Rf7 Rg3+ 72. Kd4 Bg6 73. Rf6+ Kb7 74. b4 Rg4+ 75. Kd5 Be4+ 76. Kd6 Rg6 77. Rxg6 Bxg6 78. a4 Bc2 79. a5 b5 80. Kd7 Bd3 81. Kd6 Bc4 82. Kd7 Ka6 83. Kd6 Kb7 84. Kd7 Bd3 85. Kd6 Be2 86. Kd7 Bg4+ 87. Kd6 Bc8 88. Kc5 Bd7 89. Kd6 Bc6 90. Ke6 Kc7 91. Ke5 Kd7 92. Kd4 Kd6 93. Kc3 Kd5 94. Kd3 Bb7 95. Kc3 Ke4 0-1


[Site "https://www.chess.com"]

[Event "Titled Tuesday Blitz October 25 Early 2022"]
[White "Gharibyan, Mamikon"]
[Black "Hasangatin, Ramil"]
[WhiteFideId "13308300"]
[BlackFideId "4122160"]
[WhiteElo "2378"]
[BlackElo "2358"]
[Result "1-0"]
[Round "06"]
[TimeControl "180+1"]
[Date "2022.10.25"]
[WhiteClock "0:00:10"]
[BlackClock "0:00:07"]

1. Nf3 d5 2. g3 Bf5 3. Bg2 e6 4. O-O h6 5. c4 c6 6. d3 dxc4 7. dxc4 Qxd1 8. Rxd1 Nf6 9. Nc3 Nbd7 10. b3 Bc2 11. Rd2 Bh7 12. Bb2 Bb4 13. Rdd1 O-O-O 14. h4 Rhe8 15. Bh3 Bf8 16. g4 Ne4 17. g5 hxg5 18. Nxe4 Bxe4 19. Nxg5 Bg6 20. Bd4 Nc5 21. Bg4 Ne4 22. Nxe4 Bxe4 23. Bxa7 Be7 24. f3 Bc2 25. Rdc1 Bh7 26. a4 f5 27. Bh3 Bxh4 28. Be3 g5 29. a5 Kd7 30. a6 Rb8 31. Rd1+ Ke7 32. Bc5+ Kf6 33. a7 Ra8 34. Rd7 Bg6 35. Rxb7 Bg3 36. Rd1 Rh8 37. Bg2 f4 38. Rdd7 Bh2+ 39. Kf1 Bg3 40. Bd6 Rhe8 41. Rb8 Rxa7 42. Rxa7 Rxb8 43. Bxb8 Bf5 44. b4 e5 45. Ra6 Bd7 46. b5 Ke6 47. bxc6 Bc8 48. Bh3+ g4 49. Bxg4+ 1-0


[Site "https://www.chess.com"]

[Event "Titled Tuesday Blitz October 25 Early 2022"]
[White "Hayrapetyan, Hovik"]
[Black "Indjic, Aleksandar"]
[WhiteFideId "13302639"]
[BlackFideId "911925"]
[WhiteElo "2376"]
[BlackElo "2592"]
[Result "0-1"]
[Round "06"]
[TimeControl "180+1"]
[Date "2022.10.25"]
[WhiteClock "0:00:06"]
[BlackClock "0:01:35"]

1. d4 Nf6 2. c4 c5 3. Nc3 cxd4 4. Qxd4 Nc6 5. Qd1 e6 6. Nf3 Bb4 7. Bd2 d5 8. a3 Bd6 9. e3 O-O 10. Be2 a6 11. cxd5 exd5 12. O-O Qe7 13. Re1 Rd8 14. Bf1 Bg4 15. Ne2 h5 16. h3 Bxf3 17. gxf3 Ne5 18. Nd4 Qd7 19. Bc3 Rac8 20. Qb1 Bc5 21. Bg2 Bxd4 22. Bxd4 Qe6 23. Rd1 Ng6 24. Bxf6 Qxf6 25. Rd4 Nh4 26. Rf4 Qg5 27. Qf1 Rc2 28. b4 Rdc8 29. Rd1 Rc1 30. Rxh4 Rxd1 31. Qxd1 Qxh4 32. Qxd5 Rc1+ 33. Kh2 Qxf2 34. Qxh5 Qxe3 35. Qg4 Qg1+ 36. Kg3 Rc2 37. Qe4 Qxg2+ 38. Kh4 Rc6 0-1


[Site "https://www.chess.com"]

[Event "Titled Tuesday Blitz October 25 Early 2022"]
[White "Jones, Gawain C B"]
[Black "Zou, Chen"]
[WhiteFideId "409561"]
[BlackFideId "8610959"]
[WhiteElo "2657"]
[BlackElo "2325"]
[Result "1-0"]
[Round "06"]
[TimeControl "180+1"]
[Date "2022.10.25"]
[WhiteClock "0:00:24"]
[BlackClock "0:00:12"]

1. Nf3 Nf6 2. g3 g6 3. b3 Bg7 4. Bb2 O-O 5. Bg2 c5 6. c4 Nc6 7. O-O d6 8. d4 cxd4 9. Nxd4 Bd7 10. Nc3 h5 11. Rc1 Nh7 12. Nf3 a6 13. Qd2 Rb8 14. Nd5 Bxb2 15. Qxb2 b5 16. c5 dxc5 17. Rxc5 e6 18. Nf4 Qe7 19. Rfc1 Rbc8 20. Nh4 Nb8 21. Nhxg6 fxg6 22. Nxg6 Qg7 23. Qxg7+ Kxg7 24. Nxf8 Rxf8 25. Rxh5 Nf6 26. Rg5+ Kf7 27. Rc7 Ke7 28. h4 Kd6 29. Rc2 Bc6 30. Rd2+ Kc7 31. Rg7+ Kb6 32. Re7 Bd5 33. Bxd5 exd5 34. Re6+ Ka5 35. a3 Ne4 36. Rxd5 Nxf2 37. h5 Ng4 38. Rg5 Nf2 39. Kg2 Nd1 40. h6 Nd7 41. h7 Rh8 42. Rg7 Nf8 43. Rg8 Rxh7 44. Rxf8 Rc7 45. b4+ Ka4 46. Rxa6+ Kb3 47. Rf3+ Nc3 48. g4 Kb2 49. Rxc3 Rxc3 50. g5 Rc8 51. Kf3 Rg8 52. Kf4 Kc3 53. g6 Kd4 54. Kf5 Kd5 55. Kf6 Kc4 56. Kf7 Rc8 57. g7 Rc7+ 58. Kg6 1-0


[Site "https://www.chess.com"]

[Event "Titled Tuesday Blitz October 25 Early 2022"]
[White "Kamsky, Gata"]
[Black "Gabrielian, Artur"]
[WhiteFideId "2000024"]
[BlackFideId "4131002"]
[WhiteElo "2666"]
[BlackElo "2432"]
[Result "1-0"]
[Round "06"]
[TimeControl "180+1"]
[Date "2022.10.25"]
[WhiteClock "0:01:00"]
[BlackClock "0:00:10"]

1. e4 c5 2. Nc3 d6 3. Bc4 e6 4. a3 Nf6 5. Ba2 Be7 6. d3 O-O 7. f4 Nc6 8. Nf3 Rb8 9. O-O b5 10. Ne2 d5 11. e5 Nd7 12. d4 b4 13. c3 bxc3 14. bxc3 Ba6 15. Rf2 Qa5 16. c4 cxd4 17. Nexd4 Nxd4 18. Nxd4 Bc5 19. Be3 Qc3 20. Rf3 Rb2 21. cxd5 Rd2 22. Bxd2 Bxd4+ 23. Be3 Be2 24. Bxd4 Qxf3 25. gxf3 1-0


[Site "https://www.chess.com"]

[Event "Titled Tuesday Blitz October 25 Early 2022"]
[White "Keymer, Vincent"]
[Black "Filgueira, Hernan"]
[WhiteFideId "12940690"]
[BlackFideId "101770"]
[WhiteElo "2600"]
[BlackElo "2363"]
[Result "1-0"]
[Round "06"]
[TimeControl "180+1"]
[Date "2022.10.25"]
[WhiteClock "0:00:03"]
[BlackClock "0:00:01"]

1. Nf3 d5 2. e3 c6 3. c4 Nf6 4. Nc3 g6 5. d4 Bg7 6. Be2 a6 7. a4 O-O 8. O-O a5 9. h3 Na6 10. cxd5 cxd5 11. b3 Nb4 12. Ba3 Qb6 13. Rc1 Bf5 14. Ne5 Rfc8 15. Qd2 h5 16. Bb5 Nc6 17. Nd3 Bf8 18. Nc5 Rd8 19. f3 e5 20. g4 exd4 21. exd4 hxg4 22. hxg4 Be6 23. Kg2 Re8 24. Rce1 Bg7 25. Ne2 Bd7 26. Rh1 Re7 27. Nf4 Rxe1 28. Rxe1 Be8 29. g5 Nh5 30. Nxh5 Qd8 31. Nxg7 Qb6 32. Nxe8 Qd8 33. Nf6+ Kg7 34. Qf4 Qb8 35. Ne6+ 1-0


[Site "https://www.chess.com"]

[Event "Titled Tuesday Blitz October 25 Early 2022"]
[White "Kollars, Dmitrij"]
[Black "Dardha, Daniel"]
[WhiteFideId "12909572"]
[BlackFideId "240990"]
[WhiteElo "2584"]
[BlackElo "2528"]
[Result "0-1"]
[Round "06"]
[TimeControl "180+1"]
[Date "2022.10.25"]
[WhiteClock "0:00:43"]
[BlackClock "0:01:39"]

1. e4 e5 2. Nf3 Nc6 3. Bb5 Nf6 4. d3 Bc5 5. Nbd2 O-O 6. O-O Nd4 7. Nxd4 Bxd4 8. Nf3 Bb6 9. Nxe5 d5 10. Be3 Qd6 11. Bxb6 Qxb6 12. c4 c6 13. Ba4 Qxb2 14. d4 Nxe4 15. Bb3 Be6 16. cxd5 cxd5 17. f3 Nc3 18. Qd3 Ne2+ 19. Kh1 Nf4 20. Qc2 Qxd4 21. Rfe1 Rac8 22. Qd1 Qb2 0-1


[Site "https://www.chess.com"]

[Event "Titled Tuesday Blitz October 25 Early 2022"]
[White "Korchmar, Vasiliy"]
[Black "Vasquez Schroeder, Rodrigo"]
[WhiteFideId "24131750"]
[BlackFideId "3400042"]
[WhiteElo "2370"]
[BlackElo "2577"]
[Result "1-0"]
[Round "06"]
[TimeControl "180+1"]
[Date "2022.10.25"]
[WhiteClock "0:00:05"]
[BlackClock "0:00:38"]

1. e4 c6 2. d4 d5 3. e5 Bf5 4. c4 e6 5. Nc3 dxc4 6. Bxc4 Nd7 7. Nge2 Nb6 8. Bb3 Ne7 9. Ng3 Bg6 10. O-O Nf5 11. Nxf5 Bxf5 12. g4 Bg6 13. f4 Qh4 14. Be3 O-O-O 15. f5 exf5 16. gxf5 Bh5 17. Qe1 Qg4+ 18. Kh1 Bb4 19. Qg3 f6 20. Qxg4 Bxg4 21. Ne4 fxe5 22. dxe5 Rhe8 23. Be6+ Rxe6 24. fxe6 Bxe6 25. Bc5 Bd5 26. Bxb4 Bxe4+ 27. Kg1 Nd5 28. Bd6 Bg6 29. Rf8 Kd7 30. Rxd8+ Kxd8 31. Rf1 Kd7 32. Rf8 Ke6 33. Rg8 Kf7 34. Rb8 b6 35. Rb7+ Ke6 36. Rxa7 c5 37. Rxg7 c4 38. Rb7 Be4 39. Rb8 Nf4 40. Kf2 Nd3+ 41. Ke3 Bg6 42. Rxb6 Kd5 43. a4 Be8 44. a5 Bc6 45. a6 Nc5 46. Bxc5 Kxc5 47. Rxc6+ Kxc6 48. a7 Kb7 49. e6 1-0


[Site "https://www.chess.com"]

[Event "Titled Tuesday Blitz October 25 Early 2022"]
[White "Kuderinov, Kirill"]
[Black "Wagner, Dennis"]
[WhiteFideId "13701568"]
[BlackFideId "24650684"]
[WhiteElo "2465"]
[BlackElo "2470"]
[Result "1-0"]
[Round "06"]
[TimeControl "180+1"]
[Date "2022.10.25"]
[WhiteClock "0:00:21"]
[BlackClock "0:00:13"]

1. e4 c5 2. Nf3 d6 3. Bb5+ Nd7 4. O-O a6 5. Bxd7+ Bxd7 6. Re1 Nf6 7. c3 Bc6 8. d3 e6 9. Nbd2 Be7 10. Nf1 O-O 11. Ng3 b5 12. d4 a5 13. Bg5 h6 14. Bxf6 Bxf6 15. Qe2 b4 16. Rad1 cxd4 17. cxd4 Qb6 18. Nh5 Be7 19. d5 Bb5 20. Qd2 e5 21. Ng3 Bd7 22. Rc1 Rfc8 23. Rxc8+ Rxc8 24. Rc1 Rc7 25. Rxc7 Qxc7 26. h3 Qc4 27. b3 Qc5 28. Ne1 Bd8 29. Qc2 Bb6 30. Qxc5 Bxc5 31. Nd3 Bd4 32. Nf5 Bxf5 33. exf5 e4 34. Nc1 Kf8 35. Ne2 Be5 36. g4 Ke7 37. Kg2 Kf6 38. f4 exf3+ 39. Kxf3 Kg5 40. Ng3 Kh4 41. Ne4 Kxh3 42. Nd2 Kh4 43. Nc4 Kg5 44. Nxa5 h5 45. gxh5 Kxf5 46. Nc6 Bc3 47. Ke3 Kg5 48. Kd3 Kxh5 49. a4 g5 50. a5 g4 51. Ke2 g3 52. Kf3 Be1 53. a6 Bf2 54. a7 Bxa7 55. Nxa7 Kh4 56. Kg2 f5 57. Nb5 f4 58. Nxd6 Kg4 59. Nc4 f3+ 60. Kg1 Kf5 61. Nd2 Ke5 62. Nxf3+ Kxd5 63. Nd2 Kd4 64. Nc4 Kc3 65. Na5 Kd4 66. Kg2 Kc5 67. Kxg3 Kb5 68. Nc4 Kc5 69. Kf3 Kd4 70. Ke2 Kc3 71. Na5 Kc2 72. Ke3 Kc3 73. Ke4 Kb2 74. Kd4 Ka3 75. Kc4 Kb2 76. Kxb4 Ka2 77. Kc5 1-0


[Site "https://www.chess.com"]

[Event "Titled Tuesday Blitz October 25 Early 2022"]
[White "Madaminov, Mukhiddin"]
[Black "Csonka, Balazs"]
[WhiteFideId "14210703"]
[BlackFideId "742910"]
[WhiteElo "2341"]
[BlackElo "2404"]
[Result "1-0"]
[Round "06"]
[TimeControl "180+1"]
[Date "2022.10.25"]
[WhiteClock "0:00:11"]
[BlackClock "0:00:01"]

1. d4 Nf6 2. Nc3 d5 3. Bf4 a6 4. e3 b5 5. Nf3 e6 6. Bd3 c5 7. dxc5 Bxc5 8. e4 Bb7 9. e5 Nfd7 10. O-O Nc6 11. Re1 h6 12. Bg3 b4 13. Ne2 a5 14. Nf4 Qb6 15. Rb1 O-O-O 16. h3 Rhg8 17. Ne2 g5 18. c3 g4 19. hxg4 Rxg4 20. Kf1 Rdg8 21. Rc1 Kb8 22. c4 Ne7 23. b3 h5 24. Nf4 Rxg3 25. fxg3 Rxg3 26. cxd5 Nxd5 27. Nxd5 Bxd5 28. Be4 Qa6+ 29. Qe2 Qxe2+ 30. Rxe2 Bxe4 31. Rxe4 Rg4 32. Rxg4 hxg4 33. Ng5 Bd4 34. Nxf7 Nxe5 35. Nxe5 Bxe5 36. Re1 Bc3 37. Rxe6 Kc7 38. Ke2 Kb7 39. Rg6 a4 40. Kd3 axb3 41. axb3 1-0


[Site "https://www.chess.com"]

[Event "Titled Tuesday Blitz October 25 Early 2022"]
[White "Manelyuk, Daniil"]
[Black "Rohith Krishna S"]
[WhiteFideId "44173920"]
[BlackFideId "46617051"]
[WhiteElo "2209"]
[BlackElo "2270"]
[Result "0-1"]
[Round "06"]
[TimeControl "180+1"]
[Date "2022.10.25"]
[WhiteClock "0:00:07"]
[BlackClock "0:01:27"]

1. e4 e6 2. d4 d5 3. Nd2 Nf6 4. e5 Nfd7 5. Bd3 c5 6. c3 Nc6 7. Ne2 Rb8 8. O-O b5 9. f4 g6 10. Kh1 a5 11. Nf3 Be7 12. g4 h5 13. f5 hxg4 14. fxe6 gxf3 15. Rxf3 Ndxe5 16. dxe5 Nxe5 17. exf7+ Kf8 18. Nf4 Rb6 19. Rf2 Bb7 20. Qe2 d4+ 21. Kg1 Bf6 22. Nxg6+ Nxg6 23. Bxg6 Be7 24. Bf5 Qd5 25. Rg2 Qxf5 26. Bh6+ Rbxh6 27. Rf1 Qe4 28. Rg8+ Rxg8+ 29. fxg8=Q+ Kxg8 30. Qxe4 Bxe4 0-1


[Site "https://www.chess.com"]

[Event "Titled Tuesday Blitz October 25 Early 2022"]
[White "Matlakov, Maxim"]
[Black "Paravyan, David"]
[WhiteFideId "4168003"]
[BlackFideId "4194985"]
[WhiteElo "2669"]
[BlackElo "2555"]
[Result "1-0"]
[Round "06"]
[TimeControl "180+1"]
[Date "2022.10.25"]
[WhiteClock "0:00:48"]
[BlackClock "0:00:04"]

1. Nf3 Nf6 2. g3 g6 3. Bg2 Bg7 4. O-O O-O 5. d4 d5 6. c3 Nbd7 7. a4 Re8 8. Bf4 a5 9. Na3 c6 10. Rc1 Nh5 11. Bg5 h6 12. Be3 Nhf6 13. h3 Ne4 14. c4 Nd6 15. cxd5 cxd5 16. Bf4 Nb6 17. Bxd6 exd6 18. Nb5 Re7 19. e3 Bd7 20. b3 Bxb5 21. axb5 Qd7 22. Qd3 Ree8 23. h4 h5 24. Kh2 Bf6 25. Bh3 Qe7 26. Rc2 a4 27. bxa4 Rxa4 28. Rfc1 Nc4 29. Nd2 Ra3 30. Rc3 Ra2 31. R1c2 Rxc2 32. Qxc2 Nxd2 33. Qxd2 Qe4 34. Bg2 Qf5 35. Qc2 Qg4 36. Bxd5 Bxh4 37. gxh4 Qxh4+ 38. Kg1 Qg5+ 39. Bg2 h4 40. Rc8 Rxc8 41. Qxc8+ Kg7 42. b6 d5 43. Qxb7 h3 44. Qxd5 Qh4 45. Qe5+ f6 46. Qc7+ Kh6 47. Qf4+ 1-0


[Site "https://www.chess.com"]

[Event "Titled Tuesday Blitz October 25 Early 2022"]
[White "Mirzoev, Azer"]
[Black "Aitbayev, Aslan"]
[WhiteFideId "13400304"]
[BlackFideId "13704613"]
[WhiteElo "2525"]
[BlackElo "2373"]
[Result "0-1"]
[Round "06"]
[TimeControl "180+1"]
[Date "2022.10.25"]
[WhiteClock "0:00:01"]
[BlackClock "0:00:04"]

1. d4 d6 2. Nf3 g6 3. e4 Nf6 4. c3 Nxe4 5. Bc4 d5 6. Bb3 Bg7 7. O-O O-O 8. Re1 c6 9. Bf4 Nd7 10. Bc2 Ndf6 11. Qc1 Bf5 12. h3 Nd6 13. Bb3 Bxb1 14. Rxb1 Nfe4 15. Bc2 Re8 16. Ne5 f6 17. Nd3 e5 18. Bh2 Nf7 19. Bb3 Ned6 20. dxe5 fxe5 21. c4 dxc4 22. Bxc4 Nxc4 23. Qxc4 Qd5 24. Qc2 Rad8 25. Nc5 b6 26. Ne4 c5 27. b4 cxb4 28. Rxb4 Rc8 29. Qb1 Rc6 30. Bg3 Rec8 31. a4 Rc2 32. Rb5 Qa2 33. a5 Qxb1 34. Rexb1 Rc1+ 35. Rxc1 Rxc1+ 36. Kh2 Rc6 37. axb6 axb6 38. Rd5 Kf8 39. Rd7 Bf6 40. f3 Ke8 41. Rb7 Bd8 42. h4 Bc7 43. Ra7 Kd8 44. Ra8+ Kd7 45. Bf2 Bd8 46. Ra7+ Bc7 47. Ra8 Bd8 48. Ra7+ Ke6 49. Rb7 Bc7 50. Ra7 h6 51. Be3 Bd8 52. Bxh6 Nxh6 53. Rg7 Kd5 54. Kh3 Nf5 55. Rd7+ Kc4 56. Rxd8 b5 57. g4 Nd4 58. h5 gxh5 59. gxh5 b4 60. Rb8 b3 61. Nd2+ Kc3 62. Nxb3 Nxb3 63. Kg4 Nd4 64. f4 e4 65. Re8 Kd3 66. Kg5 Rc5+ 0-1


[Site "https://www.chess.com"]

[Event "Titled Tuesday Blitz October 25 Early 2022"]
[White "Pap, Gyula"]
[Black "Milikow, Yoav"]
[WhiteFideId "725323"]
[BlackFideId "2822237"]
[WhiteElo "2519"]
[BlackElo "2341"]
[Result "0-1"]
[Round "06"]
[TimeControl "180+1"]
[Date "2022.10.25"]
[WhiteClock "0:01:40"]
[BlackClock "0:01:33"]

1. g3 e5 2. c4 c6 3. d4 e4 4. Nc3 d5 5. cxd5 cxd5 6. Qb3 Nc6 7. Qxd5 Qxd5 8. Nxd5 Nxd4 9. Nc7+ Kd8 10. Nxa8 Nc2+ 11. Kd1 Nxa1 12. Bg2 f5 13. Bf4 Be6 14. Nh3 Bxa2 15. Kd2 Bb4+ 16. Kc1 Nf6 17. b3 Ba3+ 18. Kd2 Bb2 19. Ng5 Ke7 0-1


[Site "https://www.chess.com"]

[Event "Titled Tuesday Blitz October 25 Early 2022"]
[White "Perez Ponsa, Federico"]
[Black "ProfessorChess101"]
[WhiteFideId "117927"]
[WhiteElo "2604"]
[BlackElo "2693"]
[Result "1-0"]
[Round "06"]
[TimeControl "180+1"]
[Date "2022.10.25"]
[WhiteClock "0:01:27"]
[BlackClock "0:00:24"]

1. e4 e5 2. Nf3 Nc6 3. Bb5 a6 4. Ba4 b5 5. Bb3 Na5 6. d4 exd4 7. Qxd4 Bb7 8. Bg5 f6 9. Bd2 c5 10. Qc3 Nxb3 11. axb3 d6 12. Qd3 Ne7 13. Nc3 b4 14. Ne2 Ng6 15. Nf4 Nxf4 16. Bxf4 d5 17. O-O-O dxe4 18. Qc4 Qe7 19. Bd6 Qf7 20. Qxc5 Bxd6 21. Qxd6 Qe7 22. Rhe1 Rd8 23. Qxe7+ Kxe7 24. Nd2 f5 25. f3 Kf7 26. fxe4 fxe4 27. Nxe4 Rxd1+ 28. Kxd1 Rd8+ 29. Kc1 Kg6 30. Nc5 Bc8 31. Nd3 a5 32. Re5 Rf8 33. Rxa5 Rf1+ 34. Kd2 Rg1 35. Ke3 Rxg2 36. Nf4+ 1-0


[Site "https://www.chess.com"]

[Event "Titled Tuesday Blitz October 25 Early 2022"]
[White "Peyrer, Konstantin"]
[Black "Eljanov, Pavel"]
[WhiteFideId "1640879"]
[BlackFideId "14102951"]
[WhiteElo "2415"]
[BlackElo "2601"]
[Result "0-1"]
[Round "06"]
[TimeControl "180+1"]
[Date "2022.10.25"]
[WhiteClock "0:00:30"]
[BlackClock "0:00:35"]

1. d4 Nf6 2. c4 e6 3. Nf3 d5 4. g3 Be7 5. Bg2 O-O 6. O-O c6 7. Qc2 Nbd7 8. Bf4 b6 9. Rd1 Bb7 10. Nc3 dxc4 11. Nd2 Nd5 12. Nxc4 Nxf4 13. gxf4 Qc7 14. e3 Rac8 15. Rac1 Nf6 16. Ne5 c5 17. d5 exd5 18. Nxd5 Bxd5 19. Bxd5 Nxd5 20. Rxd5 Rcd8 21. Rcd1 Rxd5 22. Rxd5 Bd6 23. Qd3 Bxe5 24. fxe5 g6 25. f4 Qc6 26. e4 c4 27. Qd4 Qe6 28. Qd1 Qh3 29. Qe2 Rc8 30. Rd1 c3 31. Rc1 cxb2 32. Rxc8+ Qxc8 33. Qxb2 Qg4+ 34. Kh1 Qxf4 35. Qe2 Qxe5 36. Kg2 b5 37. Qc2 a5 38. Qd3 Kg7 39. Kh3 b4 0-1


[Site "https://www.chess.com"]

[Event "Titled Tuesday Blitz October 25 Early 2022"]
[White "Pultinevicius, Paulius"]
[Black "Maghsoodloo, Parham"]
[WhiteFideId "12809390"]
[BlackFideId "12539929"]
[WhiteElo "2500"]
[BlackElo "2676"]
[Result "1-0"]
[Round "06"]
[TimeControl "180+1"]
[Date "2022.10.25"]
[WhiteClock "0:00:02"]
[BlackClock "0:00:03"]

1. d4 Nf6 2. c4 e6 3. Nf3 d5 4. Nc3 dxc4 5. e4 b5 6. e5 Nd5 7. Nxb5 Nb6 8. Be2 Nc6 9. O-O Be7 10. Qd2 O-O 11. Rd1 Rb8 12. Nc3 Nb4 13. Qf4 Bb7 14. Qg3 Kh8 15. b3 Nc2 16. Rb1 cxb3 17. axb3 Bxf3 18. Bxf3 Nxd4 19. Be4 c5 20. Qh3 g6 21. Bh6 Re8 22. Bc6 Nd7 23. Ba4 Bf8 24. Ne4 Be7 25. f4 Qc7 26. Bg5 Bxg5 27. Nxg5 Nf8 28. Bxe8 Rxe8 29. Kh1 Kg7 30. Rbc1 Qb6 31. Rc3 Rd8 32. Rcd3 Rd5 33. Ne4 Ne2 34. Qe3 Rxd3 35. Rxd3 Nd4 36. Nxc5 Qxc5 37. Qxd4 Qc1+ 38. Rd1 Qc2 39. b4 h5 40. h3 h4 41. Ra1 g5 42. fxg5 Ng6 43. Rxa7 Qc1+ 44. Kh2 Qxg5 45. Ra3 Nf4 46. Qe4 Ng6 47. Re3 Qe7 48. b5 Qc5 49. Rb3 Qb6 50. Qc6 Qd4 51. Qc3 Qf4+ 52. Kg1 Ne7 53. b6 Nd5 54. Qe1 Qc4 55. Rb1 Qd3 56. Kh1 Nf4 57. b7 Qd5 58. Qf1 Qe4 59. b8=Q Nxh3 60. Qb4 Qf5 61. Qxf5 Nf2+ 62. Qxf2 1-0


[Site "https://www.chess.com"]

[Event "Titled Tuesday Blitz October 25 Early 2022"]
[White "Rozman, Levy"]
[Black "Andreikin, Dmitry"]
[WhiteFideId "2039877"]
[BlackFideId "4158814"]
[WhiteElo "2376"]
[BlackElo "2736"]
[Result "1/2-1/2"]
[Round "06"]
[TimeControl "180+1"]
[Date "2022.10.25"]
[WhiteClock "0:00:05"]
[BlackClock "0:00:08"]

1. e4 c5 2. a3 g6 3. Nc3 Bg7 4. Bc4 e6 5. d3 Ne7 6. Ba2 b6 7. h4 Bb7 8. h5 Nbc6 9. Bf4 a6 10. Nf3 d6 11. Qd2 Nd4 12. Nxd4 cxd4 13. Ne2 Rc8 14. Bh6 Bf6 15. Bg5 Nc6 16. f4 Bxg5 17. fxg5 Rf8 18. hxg6 hxg6 19. O-O-O b5 20. Rh7 b4 21. Bxe6 bxa3 22. bxa3 fxe6 23. Rxb7 Na5 24. Rb2 e5 25. Ng1 Qc7 26. Nf3 Rh8 27. Kb1 Ke7 28. Ka2 Kf8 29. Rf1 Kg7 30. Qb4 Rb8 31. Nxd4 Rbe8 32. Nb3 Nc6 33. Qc4 Qd7 34. Rbb1 Rhf8 35. Rxf8 Rxf8 36. Qa4 Rf2 37. Rb2 Qc8 38. Na5 Nd4 39. Qc4 Qxc4+ 40. Nxc4 Rxc2 41. Rxc2 Nxc2 42. Nxd6 Ne1 43. Ne8+ Kf7 44. Nc7 Nxd3 45. Nxa6 Nf4 46. Nc5 Ke7 47. Kb3 Kd6 48. Kc4 Nxg2 49. a4 Kc6 50. Nd3 Ne3+ 51. Kc3 Ng4 52. Nb4+ Kd6 53. a5 Nf2 54. Kc4 Nxe4 55. a6 Kc7 56. Kd5 Nxg5 57. Kxe5 Kb6 58. Kf6 Ne4+ 59. Kxg6 Nc5 60. Kf6 Nxa6 1/2-1/2


[Site "https://www.chess.com"]

[Event "Titled Tuesday Blitz October 25 Early 2022"]
[White "Rustemov, Alexander"]
[Black "Krysa, Leandro"]
[WhiteFideId "4119002"]
[BlackFideId "116807"]
[WhiteElo "2794"]
[BlackElo "2486"]
[Result "0-1"]
[Round "06"]
[TimeControl "180+1"]
[Date "2022.10.25"]
[WhiteClock "0:00:01"]
[BlackClock "0:00:03"]

1. d4 g6 2. c4 Bg7 3. Nf3 d6 4. g3 e5 5. Bg2 Nd7 6. O-O Ngf6 7. Nc3 O-O 8. e4 c6 9. h3 Re8 10. Be3 exd4 11. Nxd4 Nc5 12. Qc2 a5 13. Rfe1 Qc7 14. Rad1 Bd7 15. b3 Rad8 16. f4 Bc8 17. Bf2 h5 18. Kh2 Qb8 19. Bf3 Qc7 20. Kg2 Qb8 21. Rd2 Qc7 22. Red1 Qe7 23. Re2 Bg4 24. Rde1 Qd7 25. hxg4 hxg4 26. Rh1 gxf3+ 27. Nxf3 Ncxe4 28. Nxe4 Nh5 29. Rh4 d5 30. cxd5 Qxd5 31. Neg5 Rxe2 32. Qxe2 Qf5 33. Qe4 Qb5 34. Qe7 Qd5 35. Rh1 Bf6 36. Qe4 Qd7 37. Re1 Kg7 38. Nh2 Qd2 39. Re2 Qd1 40. Ng4 Ba1 41. Qc2 Qd5+ 42. Qe4 Qd1 43. Qe7 Rd7 44. Qe4 f5 45. Qe8 Qd5+ 46. Kg1 fxg4 47. Re7+ Rxe7 48. Qxe7+ Kg8 49. Qh7+ Kf8 50. Qxg6 Nf6 51. Nh7+ Nxh7 52. Qxh7 Qd1+ 53. Kh2 Qd5 54. Qh6+ Ke7 55. Qh4+ Kd7 56. Qxg4+ Kc7 57. Qe2 Bf6 58. g4 Qd6 59. Bg3 Qd5 60. g5 Be7 61. Kh3 Bd6 62. Kg4 Qh1 63. f5 Qh8 64. Bxd6+ Kxd6 65. Qe6+ Kc7 66. f6 Qh1 67. f7 Qg2+ 68. Kh5 Qh3+ 69. Kg6 Qxe6+ 70. Kg7 Qe7 71. g6 b5 72. Kg8 Qe6 73. Kg7 Qe7 74. Kg8 Qe6 75. Kg7 Qd7 76. Kg8 Qd5 77. Kg7 Qe5+ 78. Kg8 Qg5 79. g7 Qd5 0-1


[Site "https://www.chess.com"]

[Event "Titled Tuesday Blitz October 25 Early 2022"]
[White "Sanal, Vahap"]
[Black "Oparin, Grigoriy"]
[WhiteFideId "6300545"]
[BlackFideId "24125890"]
[WhiteElo "2574"]
[BlackElo "2639"]
[Result "1/2-1/2"]
[Round "06"]
[TimeControl "180+1"]
[Date "2022.10.25"]
[WhiteClock "0:00:06"]
[BlackClock "0:00:04"]

1. e4 e5 2. Nf3 Nc6 3. Nc3 Nf6 4. d4 exd4 5. Nxd4 Bb4 6. Nxc6 bxc6 7. Bd3 O-O 8. O-O d5 9. exd5 Bg4 10. Ne2 cxd5 11. h3 Bh5 12. c3 Bd6 13. Qc2 Bg6 14. Nf4 Bxd3 15. Nxd3 Re8 16. Bg5 h6 17. Bxf6 Qxf6 18. Rae1 Re6 19. Re2 Rae8 20. Rfe1 c6 21. Kf1 Qf5 22. Nb4 Qf4 23. Rxe6 fxe6 24. Qg6 Re7 25. Nd3 Qf6 26. Qxf6 gxf6 27. Nb4 Bxb4 28. cxb4 Kf7 29. Rc1 Rc7 30. Rc5 Ke7 31. b5 Kd6 32. Rxc6+ Rxc6 33. bxc6 Kxc6 34. Ke2 e5 35. f4 exf4 36. Kd3 Kc5 37. a3 Kb5 38. b3 Kc5 39. Kc3 h5 40. Kd3 Kd6 41. Kd4 Kc6 42. h4 a6 43. Kc3 Kc5 44. Kd3 Kd6 45. b4 Ke5 46. a4 Kd6 47. Kd4 Kc6 48. b5+ axb5 49. axb5+ Kxb5 50. Kxd5 Kb6 51. Ke6 Kc5 52. Kxf6 Kd4 53. Kg5 Ke5 54. Kxh5 Kf5 55. Kh6 Kg4 56. Kg6 Kxh4 57. Kf5 Kg3 58. Ke4 Kxg2 59. Kxf4 1/2-1/2


[Site "https://www.chess.com"]